 Dungeon Crawl Stone Soup version 0.29.1-2-gbd0b4ee654 (webtiles) character file.

Game seed: 3574525300179508123

741 sanboga the Ruffian (level 7, 0/55 HPs)
             Began as a Demonspawn Berserker on Dec 1, 2022.
             Was a Believer of Trog.
             Splashed by a jelly's acid (4 damage)
             ... on level 5 of the Dungeon.
             The game lasted 00:04:08 (3183 turns).

sanboga the Ruffian (Demonspawn Berserker)          Turns: 3183, Time: 00:04:09

Health: 0/55       AC: -11   Str: 26    XL:     7   Next: 47%
Magic:  7/7        EV: 12    Int:  8    God:    Trog [**....]
Gold:   158        SH:  0    Dex: 12    Spells: 6/6 levels left

rFire   . . .      SeeInvis .     - Unarmed
rCold   . . .      Faith    .   (no shield)
rNeg    . . .      Spirit   .   c - +0 ring mail
rPois   .          Reflect  .   (helmet restricted)
rElec   .          Harm     .   d - +0 cloak
rCorr   .          Rampage  .   e - +0 pair of gloves
Will    .....                   (no boots)
Stlth   +.........              (no amulet)
HPRegen 0.18/turn               j - +6 ring of strength
MPRegen 0.20/turn               (no ring)

@: corroded
A: antennae 2, powered by death 1, magic regeneration
a: Renounce Religion, Berserk, Trog's Hand


You were on level 5 of the Dungeon.
You worshipped Trog.
Trog was pleased with you.
You visited 1 branch of the dungeon, and saw 5 of its levels.

You collected 158 gold pieces.

Inventory:

Armour
 c - a +0 ring mail (worn)
 d - a +0 cloak (worn)
 e - a +0 pair of gloves (worn)
Jewellery
 j - a +6 ring of strength (left hand)
Scrolls
 a - a scroll of vulnerability {unknown}
 f - a scroll of immolation {unknown}
 m - 2 scrolls of teleportation
 n - a scroll of amnesia {unknown}
 o - a scroll of magic mapping {unknown}
 p - a scroll of noise {unknown}
Potions
 b - 2 potions of magic
 g - 2 potions of mutation {unknown}
 h - a potion of invisibility
 i - a potion of lignification {unknown}
 k - 2 potions of degeneration {unknown}
 l - a potion of ambrosia {unknown}
 q - 3 potions of flight {unknown}
 r - 2 potions of heal wounds {unknown}
 s - a potion of haste {unknown}


   Skills:
 + Level 4.7 Fighting
 + Level 3.7 Armour
 + Level 3.7 Dodging
 * Level 5.5 Unarmed Combat


You had 6 spell levels left.
You didn't know any spells.
Your spell library was empty.

Dungeon Overview and Level Annotations

Branches:
Dungeon (5/15)             Temple (0/1) D:4

Altars:
Ru
Vehumet

Shops:
D:5 (


Innate Abilities, Weirdness & Mutations

You have a pair of antennae on your head.
You regenerate a little health from kills.
You regenerate magic rapidly.


Message History

The orc hits you with a +0 hand axe of flaming.
The orc burns you. The jelly barely misses you.
The orc throws a stone.
You are too confused!
You punch the orc!
You kill the orc!
Trog accepts your kill. The jelly hits you. The acid corrodes you!
You are splashed with acid!
Something barely misses you.
The orc throws a stone.
The stone barely misses you.
You are too confused!
You punch something! The jelly hits you.
You are splashed with acid!
The orc throws a stone.
The stone misses you. Something hits you but does no damage.
You are too injured to fight recklessly!
You hit something. Trog accepts your kill.
Trog appreciates your killing of a magic user.
Reactivating autopickup.
You feel a bit more experienced. The jelly hits you but does no damage.
You are too injured to fight recklessly!
You hit the jelly. The acid corrodes you!
Your hands burn!
The jelly is severely wounded.
The orc misses you. The jelly barely misses you. The jelly barely misses you.
The orc closely misses you.
Things that are here:
a +0 hand axe of flaming; a +0 scale mail; a +0 dagger The jelly hits you.
* * * LOW HITPOINT WARNING * * *
The acid corrodes you!
You are splashed with acid!
* * * LOW HITPOINT WARNING * * *
You see here a +0 long sword.
You barely miss the orc.
You feel less confused.
You hit the jelly. The acid corrodes you!
Your hands burn!
* * * LOW HITPOINT WARNING * * *
The jelly is almost dead.
The jelly hits you.
* * * LOW HITPOINT WARNING * * *
The acid corrodes you!
You are splashed with acid.
You die...

...............<...............
####.................##.#....##
###..........##### #...####
...........# ###...##
#..........# #...#..#
#..........#####.####.#
...............# #.##
........o)...### #..##
.......@J)...# ##..##
......8...<..# ##.†.
.............# #...
.<......∩....# #...
............## ####
......>...8.# #........##.#
#.##.....# .#


You could see a jelly and an orc.

Vanquished Creatures
  A water moccasin (D:5)
  A black bear (D:4)
  A phantom (D:4)
  A scorpion (D:5)
  An orc priest (D:5)
  3 hounds
  3 jellies
  An iguana (D:4)
  2 orc wizards (D:5)
  10 adders
  An orc (D:5)
  8 endoplasms
  2 giant cockroaches
  5 goblins
  6 hobgoblins
  4 quokkas
  4 ball pythons
  3 bats
  A frilled lizard (D:1)
  8 kobolds
  8 rats
74 creatures vanquished.

Notes
Turn   | Place    | Note
-------+----------+-------------------------------------------
     0 | D:1      | sanboga the Demonspawn Berserker began the quest for the
                  | Orb.
     0 | D:1      | Reached XP level 1. HP: 18/18 MP: 1/1
   272 | D:1      | Gained mutation: You regenerate magic rapidly. [demonic
                  | ancestry]
   272 | D:1      | Reached XP level 2. HP: 16/24 MP: 2/2
   455 | D:1      | Reached skill level 3 in Unarmed Combat
   675 | D:1      | Found a faded altar of an unknown god.
   839 | D:2      | Reached ** piety under Trog
  1038 | D:2      | Gained mutation: You have a pair of small antennae on your
                  | head. [demonic ancestry]
  1038 | D:2      | Reached XP level 3. HP: 26/29 MP: 3/3
  1500 | D:3      | Gained mutation: You have a pair of antennae on your head.
                  | [demonic ancestry]
  1500 | D:3      | Reached XP level 4. HP: 35/35 MP: 4/4
  1545 | D:3      | Found a sacrificial altar of Ru.
  2277 | D:4      | Found a staircase to the Ecumenical Temple.
  2281 | D:4      | Noticed a phantom
  2291 | D:4      | Killed a phantom
  2292 | D:4      | Reached skill level 4 in Unarmed Combat
  2292 | D:4      | Gained mutation: You regenerate a little health from kills.
                  | [demonic ancestry]
  2292 | D:4      | Reached XP level 5. HP: 27/42 MP: 5/5
  2370 | D:4      | Reached XP level 6. HP: 48/48 MP: 6/6
  2822 | D:4      | Found a radiant altar of Vehumet.
  2880 | D:5      | Entered Level 5 of the Dungeon
  3031 | D:5      | Reached skill level 5 in Unarmed Combat
  3053 | D:5      | Noticed a water moccasin
  3058 | D:5      | Killed a water moccasin
  3059 | D:5      | Reached XP level 7. HP: 55/55 MP: 7/7
  3151 | D:5      | Found Qopuamagg's Weapon Shop.
  3183 | D:5      | Splashed by a jelly's acid

Illustrated notes

Levels and vault maps discovered:
D:1:      minmay_arrival_up_and_down, layout_rooms,
          hellmonk_ecumenical_altar_heavens_door
D:2:      layout_basic
D:3:      layout_basic, lemuel_doored_altar, minmay_misc_feat_diagonals
D:4:      layout_rooms, nicolae_vehumet_altar_sigil,
          minmay_temple_entry_mini_moons, kennysheep_dice
D:5:      cheibrodos_barr_body, layout_rooms, nicolae_uskayaw_en_pointe,
          serial_shops, nicolae_stop_n_shop_1

Skill      XL: |  1  2  3  4  5  6 |
---------------+-------------------+-----
Unarmed Combat | 3 4 5 |  5.5
Armour         | 2 3 |  3.7
Dodging        | 2 3 |  3.7
Fighting       | 4 |  4.7

Action                   |  1- 3 |  4- 6 |  7- 9 || total
-------------------------+-------+-------+-------++-------
Melee: Unarmed           |   122 |   142 |    17 ||   281
       Punch             |     2 |     3 |     1 ||     6
Invok: Berserk           |     1 |     3 |       ||     4
  Use: Scroll            |     2 |     2 |       ||     4
Armor: Ring mail         |    46 |    60 |    14 ||   120
       Animal skin       |     1 |       |       ||     1
Dodge: Dodged            |    79 |    96 |    12 ||   187
